AABA
TEL AVIV AVALANCHE @ ALEXANDRIA LUMBER KINGS
06/22/2111
 
TOP OF THE 1ST
Kinshasa Storm Kings batting - Pitching for Luanda Zebras : RHP Tamir Ahmad
Pitching: RHP Tamir Ahmad
Batting: LHB Kalil bin Fouad 0-0: Ball
1-0: Bunt missed!
1-1: Ball
2-1: Swinging Strike
2-2: Fly out, F9 (Flyball, 9D, EV 106.9 MPH)
Batting: SHB Shaun Davies 0-0: Ball
1-0: Ball
2-0: Called Strike
2-1: Swinging Strike
2-2: Ground out U3 (Groundball, 3L, EV 88.8 MPH)
Batting: RHB Imad Kagwa 0-0: Ground out 5-3 (Groundball, 5, EV 87.5 MPH)
Top of the 1st over - 0 runs, 0 hits, 0 errors, 0 left on base; Kinshasa 0 - Luanda 0
BOTTOM OF THE 1ST
Luanda Zebras batting - Pitching for Kinshasa Storm Kings : RHP Rahman Benarbia
Pitching: RHP Rahman Benarbia
Batting: LHB Abdul-Nasser bin Imran 0-0: Called Strike
0-1: Foul Ball, location: 25FF
0-2: Ball
1-2: Foul Ball, location: 2F
1-2: Ball
2-2: Ground out 4-3 (Groundball, 34, EV 79.4 MPH)
Batting: LHB Abdul-Jabbar Labib 0-0: Ball
1-0: SINGLE (Groundball, 13, EV 74.4 MPH) (infield hit)
Batting: RHB Badr al Din Sofian 0-0: Called Strike
0-1: Ball
1-1: Foul Ball, location: 2F
1-2: DOUBLE (Flyball, 8LXD, EV 108.1 MPH)
Abdul-Jabbar Labib to third
Runner from 3rd tries for Home, SAFE, throw by CF to trailing runner, SAFE at third!
Batting: SHB Christiano Pinheiro 0-0: Called Strike
0-1: Foul Ball, location: 23F
0-2: Strikes out swinging
Batting: RHB Dalijit Visalakshi 0-0: Ball
1-0: Ball
2-0: Ball
3-0: Called Strike
3-1: Foul Ball, location: 9LDF
3-2: SINGLE (Line Drive, 8RS, EV 92.5 MPH)
Badr al Din Sofian scores
Batting: LHB Samir Okonkwo 0-0: Called Strike
0-1: Foul Ball, location: 5DF
0-2: Ball
1-2: Strikes out swinging
Bottom of the 1st over - 2 runs, 3 hits, 0 errors, 1 left on base; Kinshasa 0 - Luanda 2
TOP OF THE 2ND
Kinshasa Storm Kings batting - Pitching for Luanda Zebras : RHP Tamir Ahmad
Batting: LHB Lutfi bin Qudamah 0-0: Ball
1-0: Ball
2-0: Ball
3-0: Ground out 5-3 (Groundball, 56, EV 85.0 MPH)
Batting: RHB Kussil Mulefu 0-0: Called Strike
0-1: SINGLE (Line Drive, 6M, EV 98.8 MPH)
Batting: RHB Anwar bin Nadim 0-0: Foul Ball, location: 2F
0-1: Ball
1-1: Ball
2-1: Swinging Strike
2-2: Grounds into double play, 5-4-3 (Groundball, 56, EV 80.6 MPH)
Top of the 2nd over - 0 runs, 1 hit, 0 errors, 0 left on base; Kinshasa 0 - Luanda 2
BOTTOM OF THE 2ND
Luanda Zebras batting - Pitching for Kinshasa Storm Kings : RHP Rahman Benarbia
Batting: RHB Paul Perry 0-0: Fly out, F9 (Flyball, 9, EV 91.3 MPH)
Batting: RHB Adinew Quaashie 0-0: Ball
1-0: Ball
2-0: Called Strike
2-1: Called Strike
2-2: Foul Ball, location: 2F
2-2: Fly out, F7 (Line Drive, 78M, EV 85.0 MPH)
Batting: RHB Abdul-Samad bin Ma'mun 0-0: Ball
1-0: Foul Ball, location: 5FF
1-1: Fly out, F7 (Flyball, 7, EV 90.6 MPH)
Bottom of the 2nd over - 0 runs, 0 hits, 0 errors, 0 left on base; Kinshasa 0 - Luanda 2
TOP OF THE 3RD
Kinshasa Storm Kings batting - Pitching for Luanda Zebras : RHP Tamir Ahmad
Batting: RHB Jassiem Korir 0-0: Ball
1-0: Ball
2-0: Foul Ball, location: 5FF
2-1: Ball
3-1: SINGLE (Groundball, 4MD, EV 96.3 MPH)
Batting: RHB Sarsa-Dengal Mutua 0-0: Bunted foul
0-1: SINGLE (Line Drive, 5D, EV 99.4 MPH)
Jassiem Korir to second
Batting: RHB Rizwan Kakakhel 0-0: Ball
1-0: Sac Bunt to 3S - play at first, batter OUT! 3-1
Jassiem Korir to third
Sarsa-Dengal Mutua to second
Batting: LHB Kalil bin Fouad 0-0: SINGLE (Line Drive, 78S, EV 100.6 MPH)
Jassiem Korir scores
Sarsa-Dengal Mutua to third
Throwing error, E8
Sarsa-Dengal Mutua scores
Kalil bin Fouad to second
Batting: SHB Shaun Davies 0-0: Fly out, F5 (Popup, 5, EV 71.3 MPH)
Batting: RHB Imad Kagwa 0-0: Called Strike
0-1: Ball
1-1: Foul Ball, location: 3FF
1-2: Ball
2-2: Fly out, F6 (Line Drive, 6, EV 69.4 MPH)
Top of the 3rd over - 2 runs, 3 hits, 1 error, 1 left on base; Kinshasa 2 - Luanda 2
BOTTOM OF THE 3RD
Luanda Zebras batting - Pitching for Kinshasa Storm Kings : RHP Rahman Benarbia
Batting: LHB Abdul-Nasser bin Imran 0-0: Called Strike
0-1: Called Strike
0-2: Ball
1-2: Ball
2-2: Foul Ball, location: 2F
2-2: Ball
3-2: Foul Ball, location: 2F
3-2: Ground out 4-3 (Groundball, 4M, EV 85.6 MPH)
Batting: LHB Abdul-Jabbar Labib 0-0: Foul Ball, location: 2F
0-1: Ball
1-1: Called Strike
1-2: Strikes out swinging
Batting: RHB Badr al Din Sofian 0-0: Ball
1-0: Foul Ball, location: 2F
1-1: Foul Ball, location: 9LDF
1-2: SINGLE (Line Drive, 56D, EV 96.9 MPH)
Batting: SHB Christiano Pinheiro 0-0: Called Strike
0-1: Ball
1-1: Swinging Strike
1-2: SINGLE (Flyball, 8LS, EV 96.9 MPH)
Badr al Din Sofian to second
Runner from 2nd tries for 3rd, SAFE, throw by CF made to third
Batting: RHB Dalijit Visalakshi 0-0: Called Strike
0-1: Foul Ball, location: 7LDF
0-2: Ball
1-2: Ball
2-2: Foul Ball, location: 23F
2-2: Ball
3-2: Fly out, F9 (Flyball, 9S, EV 85.0 MPH)
Bottom of the 3rd over - 0 runs, 2 hits, 0 errors, 2 left on base; Kinshasa 2 - Luanda 2
TOP OF THE 4TH
Kinshasa Storm Kings batting - Pitching for Luanda Zebras : RHP Tamir Ahmad
Batting: LHB Lutfi bin Qudamah 0-0: Ball
1-0: Called Strike
1-1: Called Strike
1-2: Ball
2-2: Ground out 4-3 (Groundball, 4, EV 107.5 MPH)
Batting: RHB Kussil Mulefu 0-0: Ball
1-0: DOUBLE (Line Drive, 78D, EV 105.0 MPH)
Batting: RHB Anwar bin Nadim 0-0: Ground out 4-3 (Groundball, 34D, EV 98.1 MPH)
Kussil Mulefu to third
Batting: RHB Jassiem Korir 0-0: Called Strike
0-1: Swinging Strike
0-2: Foul Ball, location: 7LDF
0-2: Foul Ball, location: 25F
0-2: Strikes out looking
Top of the 4th over - 0 runs, 1 hit, 0 errors, 1 left on base; Kinshasa 2 - Luanda 2
BOTTOM OF THE 4TH
Luanda Zebras batting - Pitching for Kinshasa Storm Kings : RHP Rahman Benarbia
Batting: LHB Samir Okonkwo 0-0: Ground out 1-3 (Groundball, 13S, EV 69.4 MPH)
Batting: RHB Paul Perry 0-0: Called Strike
0-1: Ground out 3-1 (Groundball, 34D, EV 98.1 MPH)
Batting: RHB Adinew Quaashie 0-0: Ball
1-0: Called Strike
1-1: Swinging Strike
1-2: Foul Ball, location: 3F
1-2: Fly out, F8 (Flyball, 8RD, EV 108.1 MPH)
Bottom of the 4th over - 0 runs, 0 hits, 0 errors, 0 left on base; Kinshasa 2 - Luanda 2
TOP OF THE 5TH
Kinshasa Storm Kings batting - Pitching for Luanda Zebras : RHP Tamir Ahmad
Batting: RHB Sarsa-Dengal Mutua 0-0: Ball
1-0: Called Strike
1-1: Swinging Strike
1-2: Ground out 6-3 (Groundball, 6S, EV 69.4 MPH)
Batting: RHB Rizwan Kakakhel 0-0: Fly out, F8 (Flyball, 8RXD, EV 95.6 MPH)
Batting: LHB Kalil bin Fouad 0-0: Ball
1-0: Ball
2-0: Ball
3-0: Base on Balls
Batting: SHB Shaun Davies 0-0: Ball
1-0: Ground out 4-3 (Groundball, 4D, EV 104.4 MPH)
Top of the 5th over - 0 runs, 0 hits, 0 errors, 1 left on base; Kinshasa 2 - Luanda 2
BOTTOM OF THE 5TH
Luanda Zebras batting - Pitching for Kinshasa Storm Kings : RHP Rahman Benarbia
Batting: RHB Abdul-Samad bin Ma'mun 0-0: Ball
1-0: Ball
2-0: Ball
3-0: Fly out, F8 (Line Drive, 89D, EV 89.4 MPH)
Batting: LHB Abdul-Nasser bin Imran 0-0: Foul Ball, location: 2F
0-1: Foul Ball, location: 2F
0-2: Ball
1-2: Ball
2-2: Ground out 4-3 (Groundball, 4, EV 79.4 MPH)
Batting: LHB Abdul-Jabbar Labib 0-0: Ball
1-0: Ball
2-0: Ball
3-0: Called Strike
3-1: Called Strike
3-2: Strikes out swinging, 2-3 out at first.
Bottom of the 5th over - 0 runs, 0 hits, 0 errors, 0 left on base; Kinshasa 2 - Luanda 2
TOP OF THE 6TH
Kinshasa Storm Kings batting - Pitching for Luanda Zebras : RHP Tamir Ahmad
Batting: RHB Imad Kagwa 0-0: Swinging Strike
0-1: Swinging Strike
0-2: Ball
1-2: Ball
2-2: Foul Ball, location: 3SF
2-2: Strikes out swinging
Batting: LHB Lutfi bin Qudamah 0-0: Foul Ball, location: 7LDF
0-1: Swinging Strike
0-2: Ball
1-2: Strikes out swinging
Batting: RHB Kussil Mulefu 0-0: Ball
1-0: Foul Ball, location: 5F
1-1: Foul Ball, location: 9LMF
1-2: Strikes out swinging
Top of the 6th over - 0 runs, 0 hits, 0 errors, 0 left on base; Kinshasa 2 - Luanda 2
BOTTOM OF THE 6TH
Luanda Zebras batting - Pitching for Kinshasa Storm Kings : RHP Rahman Benarbia
Batting: RHB Badr al Din Sofian 0-0: Called Strike
0-1: Ball
1-1: Ball
2-1: Ball
3-1: Ground out U3 (Groundball, 23, EV 84.4 MPH)
Batting: SHB Christiano Pinheiro 0-0: Foul Ball, location: 23FF
0-1: Ball
1-1: Ball
2-1: Ball
3-1: Base on Balls
Batting: RHB Dalijit Visalakshi 0-0: Swinging Strike
0-1: Ball
1-1: Swinging Strike
1-2: Ball
2-2: Ball
3-2: Strikes out swinging
Batting: LHB Samir Okonkwo 0-0: Swinging Strike
0-1: Ground out U3 (Groundball, 3L, EV 90.0 MPH)
Bottom of the 6th over - 0 runs, 0 hits, 0 errors, 1 left on base; Kinshasa 2 - Luanda 2
TOP OF THE 7TH
Kinshasa Storm Kings batting - Pitching for Luanda Zebras : RHP Tamir Ahmad
Batting: RHB Anwar bin Nadim 0-0: Swinging Strike
0-1: Called Strike
0-2: Ball
1-2: Strikes out looking
Batting: RHB Jassiem Korir 0-0: Called Strike
0-1: Ball
1-1: Swinging Strike
1-2: Foul Ball, location: 9LMF
1-2: Ground out 6-3 (Groundball, 6D, EV 97.5 MPH)
Pinch Hitting: RHB Iccaam Radull 0-0: Called Strike
0-1: Foul Ball, location: 2F
0-2: Ball
1-2: Foul Ball, location: 9LDF
1-2: Strikes out swinging
Top of the 7th over - 0 runs, 0 hits, 0 errors, 0 left on base; Kinshasa 2 - Luanda 2
BOTTOM OF THE 7TH
Luanda Zebras batting - Pitching for Kinshasa Storm Kings : RHP Rahman Benarbia
Pitching: RHP Adum Mdogo
Now at 1B: Mubale Haki
Batting: RHB Paul Perry 0-0: Ball
1-0: Foul Ball, location: 9LSF
1-1: Swinging Strike
1-2: Strikes out swinging
Pinch Hitting: SHB Ajaz Mehri 0-0: Called Strike
0-1: Swinging Strike
0-2: Foul Ball, location: 7LDF
0-2: Ball
1-2: Ball
2-2: Foul Ball, location: 3DF
2-2: SINGLE (Groundball, 6MD, EV 106.9 MPH)
Pinch Hitting: LHB Birru Mahfudh 0-0: Ball
1-0: Swinging Strike
1-1: SINGLE (Line Drive, 8LS, EV 86.9 MPH)
Ajaz Mehri to second
Batting: LHB Abdul-Nasser bin Imran 0-0: Ball
1-0: Ball
2-0: Called Strike
2-1: Swinging Strike
2-2: Ball
3-2: Strikes out swinging
Batting: LHB Abdul-Jabbar Labib 0-0: Ball
1-0: Ball
2-0: Called Strike
2-1: DOUBLE (Flyball, 8LD, EV 111.9 MPH)
Ajaz Mehri scores
Birru Mahfudh to third
Runner from 3rd tries for Home, SAFE, throw by CF to home
Batting: RHB Badr al Din Sofian 0-0: Ground out 5-3 (Groundball, 56, EV 95.6 MPH)
Bottom of the 7th over - 2 runs, 3 hits, 0 errors, 1 left on base; Kinshasa 2 - Luanda 4
TOP OF THE 8TH
Kinshasa Storm Kings batting - Pitching for Luanda Zebras : RHP Tamir Ahmad
Now at 2B: Masruq bin Rayhan
Now at 3B: Ajaz Mehri
Pinch Hitting: RHB Anavatapta Markandeya 0-0: Fly out, F9 (Flyball, 9, EV 83.8 MPH)
Batting: LHB Kalil bin Fouad 0-0: Called Strike
0-1: Ball
1-1: Ball
2-1: Fly out, F2 (Popup, 15S, EV 81.3 MPH)
Batting: SHB Shaun Davies 0-0: Ball
1-0: Ball
2-0: Fly out, F5 (Popup, 5SF, EV 82.5 MPH)
Top of the 8th over - 0 runs, 0 hits, 0 errors, 0 left on base; Kinshasa 2 - Luanda 4
BOTTOM OF THE 8TH
Luanda Zebras batting - Pitching for Kinshasa Storm Kings : RHP Adum Mdogo
Pitching: RHP Shermarke Mtima
Now at SS: Houd bin Halim
Batting: SHB Christiano Pinheiro 0-0: Ball
1-0: Ball
2-0: Called Strike
2-1: Ball
3-1: Base on Balls
Batting: RHB Dalijit Visalakshi 0-0: Foul Ball, location: 25FF
0-1: Ball
1-1: Sac Bunt to 23 - play at first, batter OUT! 3-4
Christiano Pinheiro to second
Batting: LHB Samir Okonkwo 0-0: Intentional Walk
Batting: RHB Paul Perry 0-0: Ball
1-0: Swinging Strike
1-1: Ball
2-1: Ball
3-1: Grounds into double play, 4-6-3 (Groundball, 4, EV 96.3 MPH)
Bottom of the 8th over - 0 runs, 0 hits, 0 errors, 1 left on base; Kinshasa 2 - Luanda 4
TOP OF THE 9TH
Kinshasa Storm Kings batting - Pitching for Luanda Zebras : RHP Tamir Ahmad
Pitching: RHP Abdi Birungi
Batting: RHB Imad Kagwa 0-0: Swinging Strike
0-1: Swinging Strike
0-2: Ball
1-2: Strikes out swinging
Batting: LHB Lutfi bin Qudamah 0-0: Called Strike
0-1: Foul Ball, location: 3SF
0-2: Ball
1-2: Ground out 6-3 (Groundball, 56, EV 102.5 MPH)
Batting: RHB Kussil Mulefu 0-0: Called Strike
0-1: Fly out, F7 (Flyball, 7LS, EV 88.8 MPH)
Top of the 9th over - 0 runs, 0 hits, 0 errors, 0 left on base; Kinshasa 2 - Luanda 4
Wednesday, August 28th , 2024 - OOTP Baseball 25.8 Build 87